Cogmind - Beta 17 @@@ ROGUE MODE // 2026.08.08 @ 05:32:18 Player: 4R-ZE3 Result: Destroyed by H-71 Marshal with Heavy Mass Driver Performance ------------- Evolutions (6) 3000 Regions Visited (9) 1800 Robots Destroyed (73) 365 Value Destroyed (3397) 3397 Prototype IDs (17) 340 Alien Tech Used (0) 0 Bonus (800) 800 TOTAL SCORE: 9702 Bonus ------- Registered with UFD 300 Met Optimus in HQ 500 Cogmind --------- Core Integrity 0/1150 Matter 257/300 Energy 86/100 System Corruption 17% Temperature Cool (2) Movement Walking (105) Location -4/Factory Parts ------- > --- POWER (2) -------- (None) > --- PROPULSION (6) --- Myomer Leg > --- UTILITY (9) ------ Large Storage Unit Enhanced Optical Array Advanced Signal Interpreter Hacking Suite > --- WEAPON (2) ------- (None) > --- INVENTORY (15) --- Flexi-carbon Leg Flexi-carbon Leg Flexi-carbon Leg Gyrokinetic Inverter Huge Storage Unit Advanced Sensor Array Advanced Signal Interpreter Femtoactuators Improved Actuator Array Advanced ECM Suite Advanced Cloaking Device Improved Component Analysis Suite DRS Beacon (Ready) Peak State ------------ > --- POWER ------------ Antimatter Reactor Light Antimatter Reactor > --- PROPULSION ------- Myomer Leg Advanced Myomer Leg Advanced Myomer Leg Advanced Myomer Leg Advanced Myomer Leg Advanced Myomer Leg > --- UTILITY ---------- Large Storage Unit Enhanced Optical Array Advanced Sensor Array Advanced Signal Interpreter Femtoactuators Advanced Phase Shifter Focal Shield System Shield > --- WEAPON ----------- Power Sword > --- INVENTORY -------- Titanium Leg Flexi-carbon Leg Flexi-carbon Leg Flexi-carbon Leg Flexi-carbon Leg Gyrokinetic Inverter Huge Storage Unit Advanced Sensor Array Advanced Signal Interpreter Advanced Signal Interpreter Improved Actuator Array Advanced ECM Suite Advanced Cloaking Device Improved Component Analysis Suite DRS Beacon [Rating: 116] Favorites ----------- Power Improved Ion Engine Engine Improved Ion Engine Power Core Nuclear Core Reactor Light Antimatter Reactor Propulsion Flexi-carbon Leg Treads Light Treads Leg Flexi-carbon Leg Wheel Wheel Flight Unit Biomechanical Wings Utility Huge Storage Unit Device Improved Sensor Array Storage Huge Storage Unit Processor Advanced Signal Interpreter Hackware System Shield Protection Hardened Medium Armor Plating Weapon Particle Gun Energy Gun Particle Gun Energy Cannon Subdweller Beam Cannon Ballistic Gun Subdweller Machine Gun Ballistic Cannon Improved Light Cannon Launcher Heavy Rocket Launcher Special Weapon Improved Plasma Cutter Impact Weapon Mace Slashing Weapon Power Sword Build | -11 -10 -10 -8 -8 -6 -5 -4 -4 -4 ------- Run | Yrd Mat Sub Rec Scr Fac Fac Fac Was Fac Slots Evolved 12 | . . . . . 8 2 2 . . Power 1 | . . . . . . 1 . . . Propulsion 4 | . . . . . 4 . . . . Utility 7 | . . . . . 4 1 2 . . Weapon . | . . . . . . . . . . Parts Attached 136 | 6 6 8 2 3 52 13 34 1 11 Power 18 | 1 1 1 . 1 5 2 6 . 1 Engine 6 | 1 1 1 . . 1 2 . . . Core 6 | . . . . 1 4 . 1 . . Reactor 6 | . . . . . . . 5 . 1 Propulsion 64 | 2 2 2 1 2 25 4 19 . 7 Treads 3 | 2 . . 1 . . . . . . Leg 54 | . . . . . 24 4 19 . 7 Wheel 6 | . 2 2 . 2 . . . . . Hover . | . . . . . . . . . . Flight 1 | . . . . . 1 . . . . Utility 39 | 1 2 . 1 . 16 6 9 1 3 Device 19 | . . . . . 7 3 6 1 2 Storage 3 | 1 1 . . . 1 . . . . Processor 3 | . 1 . . . 2 . . . . Hackware 2 | . . . . . . 1 . . 1 Protection 12 | . . . 1 . 6 2 3 . . Artifact . | . . . . . . . . . . Weapon 15 | 2 1 5 . . 6 1 . . . Energy Gun 3 | . . 3 . . . . . . . Energy Cannon 1 | . . 1 . . . . . . . Ballistic Gun 4 | 2 . 1 . . 1 . . . . Ballistic Cannon 1 | . 1 . . . . . . . . Launcher 1 | . . . . . 1 . . . . Special Weapon 1 | . . . . . . 1 . . . Impact Weapon 1 | . . . . . 1 . . . . Slashing Weapon 3 | . . . . . 3 . . . . Piercing Weapon . | . . . . . . . . . . Special Melee Weapon . | . . . . . . . . . . Unidentified Prototypes 4 | . . . . . 2 . . 1 1 Parts Lost 83 | . . 3 . . 25 5 36 . 14 Power 14 | . . 1 . . 5 1 5 . 2 Propulsion 37 | . . 1 . . 8 . 21 . 7 Utility 25 | . . . . . 8 3 10 . 4 Weapon 7 | . . 1 . . 4 1 . . 1 Highest Loss Streak 23 | . . 1 . . 15 2 23 . 9 To Critical Strikes . | . . . . . . . . . . Average Backups 18 | 2 9 19 22 24 12 21 18 6 12 Power 1 | . 1 2 2 3 1 . . . . Propulsion 8 | 1 4 7 11 11 3 11 9 1 4 Utility 5 | . . 2 3 6 6 9 8 5 7 Weapon 2 | . 3 7 4 3 . . . . . Tool/Special . | . . . . . . . . . . Unused Backups 26 | . 1 . 5 4 7 3 . . 6 Power 3 | . 1 . 1 . 1 . . . . Propulsion 8 | . . . . 2 2 3 . . 1 Utility 11 | . . . . 2 4 . . . 5 Weapon 4 | . . . 4 . . . . . . Tool/Special . | . . . . . . . . . . Average Slot Usage (%) 93 | . 97 98 100 100 86 87 86 77 74 Engine 8 | . 14 13 14 10 . 5 1 . . Core 1 | . . . . 3 5 . . . . Reactor 1 | . . . . . . . 6 10 6 Treads 8 | . 4 13 28 . . . . . . Leg 14 | . . . . . 34 34 30 31 29 Wheel 7 | . 23 14 . 27 . . . . . Device 5 | . . . . . 14 9 11 9 12 Storage 10 | . 15 14 14 14 6 5 5 5 5 Processor 6 | . 10 14 . . 7 11 10 10 10 Hackware 1 | . . . . . . 3 5 5 7 Protection 7 | . . . 13 14 5 7 8 . . Energy Gun 6 | . . 7 14 14 . . . . . Ballistic Gun 7 | . 26 7 14 14 . . . . . Slashing Weapon 2 | . . . . . 7 5 5 5 2 Peak Build Rating 116 | 6 12 14 19 21 68 77 99 81 116 Average Rating 39 | 3 9 12 17 18 55 73 85 78 89 On Entrance 36 | . 6 12 14 19 21 65 75 69 81 Avg Prop Armor Cover (%) 12 | . . . . . 11 12 . . 19 Naked Turns . | . . . . . . . . . . Heaviest Build 151 | 14 94 99 102 102 102 120 151 108 57 Greatest Support 175 | 40 40 40 40 40 120 120 123 117 175 Greatest Overweight (x) 9 | . 3 9 2 5 5 1 1 . . Average Overweight (x) 2 | . 2 3 2 4 . . . . . Largest Inventory Capacity 25 | 8 25 25 25 25 25 25 25 25 15 Average Capacity 22 | 7 22 25 25 25 15 23 25 15 15 Most Carried 25 | 3 17 22 25 25 25 25 25 9 15 Average Carried 19 | 2 9 19 22 24 13 22 19 7 13 Final Capacity 25 | 8 25 25 25 25 15 25 25 15 15 Final Carried 25 | 3 17 19 25 25 15 25 7 9 13 Class Distribution -------------------- 60% | Mutant 16% | Assassin 9% | Scavenger-Assassin 8% | Gladiator Dominant Class ---------------- Mutant | -10/Materials Mutant | -10/Subcaves Mutant | -8/Recycling Mutant | -8/Scraptown Gladiator | -6/Factory Assassin | -5/Factory Scavenger-Assassin | -4/Factory Scavenger-Assassin | -4/Waste Hacker-Mutant | -4/Factory Resources | -11 -10 -10 -8 -8 -6 -5 -4 -4 -4 ----------- Run | Yrd Mat Sub Rec Scr Fac Fac Fac Was Fac Matter Collected 2122 | 162 218 420 22 40 518 238 459 . 45 Remotely . | . . . . . . . . . . Salvage Created 3392 | . 291 68 103 . 1034 522 1356 . 18 Parts 170 | . 23 3 9 . 46 23 63 . 3 Haulers Intercepted . | . . . . . . . . . . Recyclers Shooed . | . . . . . . . . . . Parts Field Recycled . | . . . . . . . . . . Retrieved Matter . | . . . . . . . . . . Parts Self-Destructed 4 | . . 4 . . . . . . . Prevented . | . . . . . . . . . . Parts Restored . | . . . . . . . . . . Kills | -11 -10 -10 -8 -8 -6 -5 -4 -4 -4 ------- Run | Yrd Mat Sub Rec Scr Fac Fac Fac Was Fac Combat Hostiles Destroyed 68 | . 8 4 2 . 21 9 23 . 1 Melee 50 | . . . . . 17 9 23 . 1 Guns 11 | . 8 1 2 . . . . . . Cannons 3 | . . 3 . . . . . . . AOE 2 | . . . . . 2 . . . . Classes Destroyed 10 | . 3 1 1 . 3 1 1 . . Worker 1 | . . . . . 1 . . . . Tunneler 2 | . 2 . . . . . . . . Recycler 1 | . . . . . . . 1 . . Operator 1 | . . . . . . 1 . . . Swarmer 17 | . 3 2 . . 3 . 8 . 1 Grunt 30 | . 5 . . . 9 5 11 . . Sentry 3 | . . . 2 . 1 . . . . Hunter 8 | . . . . . 5 1 2 . . Programmer 8 | . . . . . 3 3 2 . . Subdweller 2 | . . 2 . . . . . . . Best Kill Streak 6 | . 3 2 2 . 4 2 6 . 1 Combat Bots Only 6 | . 3 2 2 . 4 2 6 . 1 Max Kills in Single Turn 2 | . 1 1 1 . 2 1 1 . 1 Gunslinging . | . . . . . . . . . . Exploded 2 | . . . . . 2 . . . . Melee 1 | . . . . . 1 1 1 . 1 Uniques/NPCs Destroyed . | . . . . . . . . . . Combat | -11 -10 -10 -8 -8 -6 -5 -4 -4 -4 -------- Run | Yrd Mat Sub Rec Scr Fac Fac Fac Was Fac Hostile Shots Fired 1255 | . 30 117 6 . 394 41 469 . 198 Missed 361 | . 7 52 3 . 97 10 114 . 78 Hits 894 | . 23 65 3 . 297 31 355 . 120 Melee 3 | . . . . . 3 . . . . Projectile 891 | . 23 65 3 . 294 31 355 . 120 AOE 2 | . . . . . . 1 1 . . Critical Strikes 17 | . . . . . 9 . 6 . 2 Part Disruptions 1 | . . . . . . . . . 1 Damage Taken 13668 | . 280 680 47 . 4211 784 5191 . 2475 Core 2122 | . 72 140 15 . 675 63 542 . 615 Absorbed by Shields 264 | . . . . . 264 . . . . Ignored by Resistances 1071 | . . . . . 302 31 720 . 18 Core Remaining (%) 55 | 100 . . . 9 20 93 . . . Volleys Fired 114 | . 32 75 3 . 4 . . . . Largest 2 | . 2 2 2 . 2 . . . . Hottest 145 | . 40 145 95 . 95 . . . . Shots Fired 152 | . 57 83 6 . 6 . . . . Gun 86 | . 50 26 6 . 4 . . . . Cannon 64 | . 7 57 . . . . . . . Launcher 2 | . . . . . 2 . . . . Special . | . . . . . . . . . . Kinetic 111 | . 57 49 3 . 2 . . . . Thermal 39 | . . 34 3 . 2 . . . . Explosive 2 | . . . . . 2 . . . . Electromagnetic . | . . . . . . . . . . Robot Hit Streak 19 | . 14 19 4 . 1 . . . . Robot Miss Streak 4 | . 3 4 1 . 3 . . . . Penetration Max . | . . . . . . . . . . Secondary Targets . | . . . . . . . . . . Shots Hit Robots 285 | . 33 59 4 . 86 23 80 . . Core Hits 118 | . 16 14 3 . 35 12 37 . 1 Critical Kills 2 | . . . . . 2 . . . . Critical Parts Destroyed 3 | . 1 . . . 2 . . . . Critical Strikes 26 | . 1 . . . 16 2 7 . . Destroy 1 | . 1 . . . . . . . . Smash 4 | . . . . . 4 . . . . Sever 21 | . . . . . 12 2 7 . . Melee Attacks 305 | . . . . . 133 38 132 . 2 Impact 52 | . . . . . 52 . . . . Slashing 253 | . . . . . 81 38 132 . 2 Piercing . | . . . . . . . . . . Sneak Attacks 4 | . . . . . 1 2 1 . . Combat Hostiles 2 | . . . . . . 2 . . . Follow-up Attacks 6 | . . . . . 6 . . . . Damage Inflicted 8761 | . 439 1184 77 . 2817 1018 3184 . 42 Guns 793 | . 439 259 77 . 18 . . . . Cannons 925 | . . 925 . . . . . . . Explosions 183 | . . . . . 183 . . . . Melee 6818 | . . . . . 2616 1018 3184 . . Ramming 42 | . . . . . . . . . 42 Kinetic 1451 | . 439 946 48 . 18 . . . . Thermal 267 | . . 238 29 . . . . . . Explosive 183 | . . . . . 183 . . . . Electromagnetic . | . . . . . . . . . . Impact 838 | . . . . . 838 . . . . Slashing 5980 | . . . . . 1778 1018 3184 . . Piercing . | . . . . . . . . . . Highest Corruption 17 | . . . . . 12 1 5 5 17 Average Corruption 6 | . . . . . 10 1 4 5 7 Corruption Purged 1 | . . . . . . 1 . . . Corruption Blocked . | . . . . . . . . . . Effects 56 | . . . . . 22 2 14 4 14 Message Errors 13 | . . . . . 5 1 3 1 3 Matter Fused 17 | . . . . . 7 1 5 . 4 Heat Flow Errors 6 | . . . . . 2 . 2 . 2 Energy Discharges 4 | . . . . . 1 . 1 1 1 Parts Rejected 1 | . . . . . 1 . . . . Parts Fused 1 | . . . . . . . 1 . . Data Loss (minor) 9 | . . . . . 4 . 2 . 3 Data Loss (major) 3 | . . . . . 1 . . 2 . Misdirections 2 | . . . . . 1 . . . 1 Overload Shots . | . . . . . . . . . . Overflow Damage 195 | . . . . . 134 16 45 . . Projectiles . | . . . . . . . . . . Explosions . | . . . . . . . . . . Melee 195 | . . . . . 134 16 45 . . Knockbacks 7 | . . 5 . . 2 . . . . Impact 2 | . . . . . 2 . . . . Kinetic 5 | . . 5 . . . . . . . Secondary . | . . . . . . . . . . Self-Inflicted Damage . | . . . . . . . . . . Shots . | . . . . . . . . . . Rammed . | . . . . . . . . . . Targets Rammed 3 | . . . . . . . . . 3 Kicked 3 | . . . . . . . . . 3 Crushed . | . . . . . . . . . . Highest Temperature 234 | . 3 135 162 . 112 . 234 . 208 Average Temperature 58 | . 3 34 82 . 37 . 85 . 108 Received Heat Transfer 1708 | . 123 222 18 . 618 147 568 . 12 Siege Activations . | . . . . . . . . . . Martial Activations . | . . . . . . . . . . Shielding Activations . | . . . . . . . . . . Robots Disrupted . | . . . . . . . . . . Combat Hostiles . | . . . . . . . . . . Robots Corrupted 2 | . . . . . 2 . . . . Combat Hostiles 2 | . . . . . 2 . . . . Parts Fried 3 | . . . . . 3 . . . . Impact Corruptions 8 | . . . . . 8 . . . . Robots Melted . | . . . . . . . . . . Combat Hostiles . | . . . . . . . . . . Parts Melted 4 | . . . 1 . . 2 1 . . Heat Transferred 629 | . . 555 74 . . . . . . Parts Sabotaged . | . . . . . . . . . . Parts Stolen . | . . . . . . . . . . Parts Stripped . | . . . . . . . . . . Power Chain Reactions . | . . . . . . . . . . Alert | -11 -10 -10 -8 -8 -6 -5 -4 -4 -4 ------- Run | Yrd Mat Sub Rec Scr Fac Fac Fac Was Fac Maximum Alert Level . | . . . . . . . . . . Low Security (%) 100 | 100 100 . 100 . 100 100 100 100 100 Level 1 . | . . . . . . . . . . Level 2 . | . . . . . . . . . . Level 3 . | . . . . . . . . . . Level 4 . | . . . . . . . . . . Level 5 . | . . . . . . . . . . High Security . | . . . . . . . . . . Max Security . | . . . . . . . . . . Peak Influence 194 | . 74 . 51 . 194 164 83 14 112 Initial 51 | . . . 51 . . 25 29 14 . Average 28 | . 32 . 4 . 53 55 23 2 15 Influence Increases 2369 | . 235 160 136 . 702 337 612 . 187 Destroy 0b10 Robot/C 1320 | . 160 40 40 . 420 180 460 . 20 Destroy 0b10 Robot/NC 25 | . 10 . . . 5 5 5 . . Destroy Leader 260 | . 40 . . . 100 50 70 . . Successful Hack 48 | . 23 . 6 . . 5 14 . . Select Force Hacks 90 | . . . 90 . . . . . . Disable Machine 30 | . . . . . 15 . . . 15 Destroy Structure 71 | . 2 . . . 27 22 18 . 2 Lose Combat Pursuer 525 | . . 120 . . 135 75 45 . 150 Influence Decreases 2325 | . 223 64 244 . 648 330 632 41 143 Entered New Map 152 | . . 7 57 . . 29 32 27 . Time Decay 1495 | . 223 37 187 . 398 269 316 14 51 Lost Part 678 | . . 20 . . 250 32 284 . 92 Squads Dispatched 23 | . 2 . . . 8 5 5 . 3 Investigation 10 | . . . . . 4 2 3 . 1 Extermination 9 | . . . . . 3 2 2 . 2 Reinforcement 4 | . 2 . . . 1 1 . . . Assault . | . . . . . . . . . . Garrison . | . . . . . . . . . . Intercept . | . . . . . . . . . . Searches Triggered . | . . . . . . . . . . Construction Impeded . | . . . . . . . . . . Haulers Reinforced . | . . . . . . . . . . Active Scanning Responses . | . . . . . . . . . . Cargo Convoy Interrupts . | . . . . . . . . . . Stealth | -11 -10 -10 -8 -8 -6 -5 -4 -4 -4 --------- Run | Yrd Mat Sub Rec Scr Fac Fac Fac Was Fac Distress Signals 10 | . 1 . . . 3 1 3 . 2 Communications Jammed . | . . . . . . . . . . Distress Signals . | . . . . . . . . . . Times Spotted 140 | . 10 13 2 . 31 19 35 5 25 Peak Tracking Total 13 | . 4 6 2 . 8 5 9 6 13 Tactical Retreats 22 | . . 5 . . 4 3 5 1 4 ECM-based Alert Blocks 3 | . . . . . . . 3 . . Traps | -11 -10 -10 -8 -8 -6 -5 -4 -4 -4 ------- Run | Yrd Mat Sub Rec Scr Fac Fac Fac Was Fac Traps Triggered 6 | . . . . . . 4 1 . 1 Indirectly . | . . . . . . . . . . Trap Hack Attempts . | . . . . . . . . . . Triggered . | . . . . . . . . . . Disarmed . | . . . . . . . . . . Reprogrammed . | . . . . . . . . . . Reused . | . . . . . . . . . . Traps Extracted . | . . . . . . . . . . Installed . | . . . . . . . . . . Triggered . | . . . . . . . . . . Machines | -11 -10 -10 -8 -8 -6 -5 -4 -4 -4 ---------- Run | Yrd Mat Sub Rec Scr Fac Fac Fac Was Fac Machines Disabled 2 | . . . . . 1 . . . 1 Max in Single Turn 1 | . . . . . 1 . . . 1 Machines Repaired . | . . . . . . . . . . Machines Dismantled . | . . . . . . . . . . Machines Sabotaged . | . . . . . . . . . . Overloaded Fab Kills . | . . . . . . . . . . Hacking | -11 -10 -10 -8 -8 -6 -5 -4 -4 -4 --------- Run | Yrd Mat Sub Rec Scr Fac Fac Fac Was Fac Machines Accessed 27 | . 3 . 4 2 6 5 4 . 3 Terminals 8 | . 1 . 1 . 2 3 1 . . Fabricators . | . . . . . . . . . . Repair Stations . | . . . . . . . . . . Recycling Units 16 | . 2 . 3 . 4 2 3 . 2 Scanalyzers 1 | . . . . . . . . . 1 Garrison Access . | . . . . . . . . . . Total Hacks 64 | . 10 . 10 6 12 9 7 . 10 Successful 38 | . 7 . 6 6 5 5 4 . 5 Failed 26 | . 3 . 4 . 7 4 3 . 5 Catastrophic 4 | . . . . . 2 . 1 . 1 Database Lockouts . | . . . . . . . . . . Manual 41 | . 6 . 8 . 11 9 5 . 2 Terminals 25 | . 6 . 5 . 3 7 4 . . Fabricators . | . . . . . . . . . . Repair Stations . | . . . . . . . . . . Recycling Units 28 | . 4 . 5 . 9 2 3 . 5 Scanalyzers 5 | . . . . . . . . . 5 Garrison Access . | . . . . . . . . . . Terminal Hacks 12 | . 4 . 1 6 . 1 . . . Record 5 | . . . . 5 . . . . . Robot Analysis 5 | . 4 . 1 . . . . . . Level Access Points 1 | . . . . . . 1 . . . Proto ID Catalog 1 | . . . . 1 . . . . . Fabricator Hacks . | . . . . . . . . . . Repair Station Hacks . | . . . . . . . . . . Recycling Unit Hacks 5 | . 2 . 1 . 1 . . . 1 Retrieve Components 5 | . 2 . 1 . 1 . . . 1 Scanalyzer 3 | . . . . . . . . . 3 Retrieve Study 3 | . . . . . . . . . 3 Garrison Access Hacks . | . . . . . . . . . . Unauthorized Hacks 18 | . 1 . 4 . 4 4 4 . 1 Terminals 5 | . 1 . 1 . . 2 1 . . Botnet 4 | . 1 . 1 . . 1 1 . . Skim 1 | . . . . . . 1 . . . Fabricators . | . . . . . . . . . . Repair Stations . | . . . . . . . . . . Recycling Units 13 | . . . 3 . 4 2 3 . 1 Tunnel 3 | . . . 3 . . . . . . Fedlink 10 | . . . . . 4 2 3 . 1 Scanalyzers . | . . . . . . . . . . Garrison Access . | . . . . . . . . . . Data Cores Recovered . | . . . . . . . . . . Used . | . . . . . . . . . . Hacking Detections 13 | . 3 . 1 . 4 2 1 . 2 Full Trace Events . | . . . . . . . . . . Feedback Events . | . . . . . . . . . . Feedback Blocked . | . . . . . . . . . . Robot Schematics Acquired . | . . . . . . . . . . Robots Built . | . . . . . . . . . . Authchips . | . . . . . . . . . . Time . | . . . . . . . . . . Total Robot Build Rating . | . . . . . . . . . . Part Schematics Acquired . | . . . . . . . . . . Parts Built . | . . . . . . . . . . Authchips . | . . . . . . . . . . Time . | . . . . . . . . . . Total Part Build Rating . | . . . . . . . . . . Part Studies Acquired 3 | . . . . . . . . . 3 Parts Repaired . | . . . . . . . . . . Time . | . . . . . . . . . . Parts Recycled . | . . . . . . . . . . Recycled Matter . | . . . . . . . . . . Retrieved Matter . | . . . . . . . . . . Retrieved Components 10 | . 4 . 1 . 3 . . . 2 Parts Scanalyzed . | . . . . . . . . . . Part Schematics Acquired . | . . . . . . . . . . Parts Damaged . | . . . . . . . . . . Bothacking | -11 -10 -10 -8 -8 -6 -5 -4 -4 -4 ------------ Run | Yrd Mat Sub Rec Scr Fac Fac Fac Was Fac Used RIF Installer . | . . . . . . . . . . Robots Hacked . | . . . . . . . . . . Non-combat . | . . . . . . . . . . Combat . | . . . . . . . . . . Robot Hacks Applied . | . . . . . . . . . . Relay Couplers Released . | . . . . . . . . . . Fabnet Peak Effective % . | . . . . . . . . . . Robots Rewired . | . . . . . . . . . . Allies Hacked . | . . . . . . . . . . Hacks Repelled . | . . . . . . . . . . Allies | -11 -10 -10 -8 -8 -6 -5 -4 -4 -4 -------- Run | Yrd Mat Sub Rec Scr Fac Fac Fac Was Fac Total Allies . | . . . . . . . . . . Largest Group . | . . . . . . . . . . Highest-Rated Group . | . . . . . . . . . . Highest-Rated Ally . | . . . . . . . . . . Initial UFD Resources 79 | . . . . . 24 46 63 79 79 Total Orders . | . . . . . . . . . . Ally Attacks . | . . . . . . . . . . Total Damage . | . . . . . . . . . . Kills . | . . . . . . . . . . Allies Corrupted . | . . . . . . . . . . Allies Melted . | . . . . . . . . . . Intel | -11 -10 -10 -8 -8 -6 -5 -4 -4 -4 ------- Run | Yrd Mat Sub Rec Scr Fac Fac Fac Was Fac Active Infowar (turns) 3865 | . . . . . 1358 973 950 151 433 Optics 3022 | . . . . . 515 973 950 151 433 Sensors 3148 | . . . . . 1116 973 534 151 374 Terrain 696 | . . . . . . . 696 . . Traps 451 | . . . . . 451 . . . . ECM 58 | . . . . . . 1 57 . . Robot Analysis Total 5 | . 4 . 1 . . . . . . Derelict Logs Recovered 4 | . . . . 4 . . . . . Drone Launches . | . . . . . . . . . . Drone Recoveries . | . . . . . . . . . . Exploration | -11 -10 -10 -8 -8 -6 -5 -4 -4 -4 ------------- Run | Yrd Mat Sub Rec Scr Fac Fac Fac Was Fac Turns Passed 9359 | 59 548 1221 1957 1569 1498 973 950 151 433 Spaces Moved 4497 | 31 305 545 599 992 702 537 332 121 333 Core 1 | 1 . . . . . . . . . Treads 826 | 30 38 152 599 7 . . . . . Legs 2001 | . . . . . 678 537 332 121 333 Wheels 1669 | . 267 393 . 985 24 . . . . Hover . | . . . . . . . . . . Flight . | . . . . . . . . . . Fastest Speed 50 | 50 135 135 320 155 115 120 120 121 105 Average Speed 169 | 156 138 190 322 156 129 120 156 121 119 Slowest Speed 325 | 160 160 320 325 325 260 190 193 121 121 Overloaded Moves . | . . . . . . . . . . Propulsion Burnouts . | . . . . . . . . . . Robots Hopped . | . . . . . . . . . . Potential Cave-ins . | . . . . . . . . . . Cave-ins Triggered . | . . . . . . . . . . Exploration Rate (%) 38 | 3 46 32 94 78 13 12 8 82 14 Regions Visited 9 Branch Regions 3 Pre-discovered Areas 6 | . . 1 3 1 1 . . . . Known Exits Taken 2 | . . . . . 1 1 . . . Unknown Exits Taken 5 | 1 1 1 1 1 . . . . . Scrap Searched 11 | . . 3 . 8 . . . . . Spaces Dug 40 | . 1 . . . 17 11 10 . 1 Terrain Destroyed 56 | . 1 1 . . 32 11 10 . 1 Melee 39 | . . . . . 17 11 10 . 1 Projectile 2 | . 1 1 . . . . . . . AOE 15 | . . . . . 15 . . . . Terrain Rammed . | . . . . . . . . . . Walls Destroyed . | . . . . . . . . . . Machines Disabled . | . . . . . . . . . . Actions | -11 -10 -10 -8 -8 -6 -5 -4 -4 -4 --------- Run | Yrd Mat Sub Rec Scr Fac Fac Fac Was Fac Total 5661 | 39 373 642 624 1016 1108 808 556 124 371 Wait 399 | . 13 2 1 . 156 193 26 . 8 Move 4489 | 30 304 544 598 991 701 536 332 120 333 Hop . | . . . . . . . . . . Pick Up 105 | 3 15 6 12 11 29 17 4 2 6 Fast Attach 48 | 6 2 1 1 1 16 9 8 1 3 Attach 69 | . . 4 . . 26 5 31 . 3 Detach 8 | . . . . . 3 2 3 . . Swap 61 | . 4 8 1 2 20 3 16 1 6 Drop 66 | . 3 2 8 11 26 5 4 . 7 Fire 114 | . 32 75 3 . 4 . . . . Melee 299 | . . . . . 127 38 132 . 2 Ram . | . . . . . . . . . . Kick 3 | . . . . . . . . . 3 Crush . | . . . . . . . . . . Escape Stasis . | . . . . . . . . . . Rewire . | . . . . . . . . . . Trap . | . . . . . . . . . . Miscellaneous . | . . . . . . . . . . Route ------- -11/Scrapyard -10/Materials (discovered 2 exits: [*Min] / [*Sub]) -10/Subcaves -8/Recycling (discovered 2 exits: *Fac / *Scr) -8/Scraptown (discovered 2 exits: *Fac x2) -6/Factory (discovered 2 exits: *Fac / Ext) -5/Factory (discovered 4 exits: *Fac x4) -4/Factory -4/Waste -4/Factory History --------- Turn | Location | Event 2 | -11/Scrapyard | Met Revision 17 29 | -11/Scrapyard | Discovered new exit (range 15) 60 | -11/Scrapyard | Entered Materials 240 | -10/Materials | Discovered new exit (range 6) 317 | -10/Materials | Build established: Mutant 362 | -10/Materials | Discovered new exit (range 12) 608 | -10/Materials | Entered Subcaves 1019 | -10/Subcaves | Learned location of Zion (-6) 1019 | -10/Subcaves | Met a Zionite searching for "candidates" 1137 | -10/Subcaves | Core integrity fell below 50% 1737 | -10/Subcaves | Discovered new exit (range 15) 1756 | -10/Subcaves | Core integrity fell below 20% 1829 | -10/Subcaves | Entered Recycling 2358 | -8/Recycling | Discovered new exit (range 16) 3691 | -8/Recycling | Scanned before Scraplab entrance 3750 | -8/Recycling | Entered Scraplab 3779 | -8/Recycling | Discovered new exit (range 3) 3786 | -8/Recycling | Entered Scraptown 4014 | -8/Scraptown | Heard Great Nut preacher, LISTEN AND RECITE! 4128 | -8/Scraptown | Scanned Subdweller tech in exchange for log data 4131 | -8/Scraptown | Learned 8 Factory zone layouts 4134 | -8/Scraptown | Learned Factory trap positions 4151 | -8/Scraptown | Discovered new exit (range 11) 4291 | -8/Scraptown | Visited UFD Registry 4291 | -8/Scraptown | Registered with UFD as "Toolmind" 4331 | -8/Scraptown | Visited CPS Storage 4358 | -8/Scraptown | Visited The Evicted 4389 | -8/Scraptown | Visited Bundlers 4547 | -8/Scraptown | Guru changed UFD alias to "Softblaster" 4680 | -8/Scraptown | Visited Abandonware Association 4695 | -8/Scraptown | Learned abandonware demo "ERRANTS.EXE" 4695 | -8/Scraptown | Learned abandonware demo "REBOOT5.EXE" 4729 | -8/Scraptown | Visited Infowarlord's Domain 4736 | -8/Scraptown | Found Exp. Sensor Array 4761 | -8/Scraptown | Visited Curators Association 4817 | -8/Scraptown | Visited A0-MCA Data Center 4827 | -8/Scraptown | Given a B+ rating by A0-MCA 4862 | -8/Scraptown | Visited Scrap Suit Storage 4896 | -8/Scraptown | Visited Science Guys 4968 | -8/Scraptown | Visited DA-N13 Charitable Foundation 4974 | -8/Scraptown | Found DCF Scrap (29 items) 5027 | -8/Scraptown | Visited Derelict Rescue Squad 5037 | -8/Scraptown | Found DRS Beacon 5270 | -8/Scraptown | Met Optimus 5270 | -8/Scraptown | Accepted into 0bPrime 5352 | -8/Scraptown | Discovered new exit (range 3) 5355 | -8/Scraptown | Entered Factory 5355 | -6/Factory | Evolved 8 slots: Propulsion x4, Utility x4 5356 | -6/Factory | Identified exit to Extension 5358 | -6/Factory | Loaded intel: 77 trap records 5554 | -6/Factory | Loaded intel: 8 recycling unit locations 5691 | -6/Factory | Build established: Gladiator 6103 | -6/Factory | Learned location of Protoforge (-2) 6262 | -6/Factory | Core integrity fell below 50% 6281 | -6/Factory | Lost 15 parts (2p4n7u2w) 6358 | -6/Factory | Discovered new exit (range 14) 6438 | -6/Factory | Lost 4 parts (1p3n) 6503 | -6/Factory | System corruption reached 10% 6680 | -6/Factory | Lost 4 parts (1p1n2w) 6830 | -6/Factory | Build established: Assassin 6852 | -6/Factory | Identified exit to Factory 6853 | -6/Factory | Entered another Factory area 6853 | -5/Factory | Evolved 2 slots: Power x1, Utility x1 6922 | -5/Factory | Allied Derelicts emerged from ambush trap array 6980 | -5/Factory | Loaded intel: 8 recycling unit locations 7110 | -5/Factory | P-70 Sage assimilated allied CH-I75(g) 7305 | -5/Factory | Allied Derelicts emerged from ambush trap array 7412 | -5/Factory | Lost 3 allies 7532 | -5/Factory | Identified exit to Factory 7826 | -5/Factory | Entered another Factory area 7826 | -4/Factory | Evolved 2 slots: Utility x2 7866 | -4/Factory | Found Imp. Powered Armor 7872 | -4/Factory | Loaded intel: 8 recycling unit locations 8382 | -4/Factory | Build established: Scavenger-Assassin 8507 | -4/Factory | Lost 7 parts (4n3u) 8761 | -4/Factory | Lost 23 parts (4p14n5u) 8776 | -4/Factory | Sucked down chute 8776 | -4/Factory | Entered Waste 8783 | -4/Waste | Found Prototype Device 8783 | -4/Waste | Identified Femtoactuators 8793 | -4/Waste | Spotted C-40 Crusher 8823 | -4/Waste | Spotted C-40 Crusher 8835 | -4/Waste | Spotted C-40 Crusher 8835 | -4/Waste | Spotted C-40 Crusher 8859 | -4/Waste | Spotted C-40 Crusher 8904 | -4/Waste | Discovered new exit (range 10) 8925 | -4/Waste | Identified exit to Factory 8927 | -4/Waste | Entered Factory 9052 | -4/Factory | Loaded intel: 8 recycling unit locations 9122 | -4/Factory | Spotted B-86 Titan 9153 | -4/Factory | Lost 3 parts (1p1u1w) 9239 | -4/Factory | Core integrity fell below 50% 9252 | -4/Factory | System corruption reached 10% 9357 | -4/Factory | Core integrity fell below 20% 9360 | -4/Factory | Destroyed by H-71 Marshal with Heavy Mass Driver Last Messages --------------- 09344_ Slug penetrates K-01 Serf. 09344_ K-01 Serf destroyed. 09344_ Slug penetrates Wall. 09344_ Adv. Myomer Leg destroyed. 09345_ Slug penetrates Wall. 09346_ Acquired 27 matter. 09348_ Slug penetrates Wall. 09348_ Slug penetrates S-27 Virus. 09348_ S-27 Virus destroyed. 09349_ ALERT: Potential suspicious activity detected, Programmers report to Factory Zone 7E. 09350_ Slug penetrates Wall. 09350_ Adv. Myomer Leg destroyed. 09350_ Slug penetrates Wall. 09354_ Knocked back. 09356_ System corrupted: Matter fused (-7). 09357_ Adv. Myomer Leg destroyed. 09358_ Slug penetrates Wall. 09358_ Penetrated by Slug. Map ----- +----------------------------------------------------+ | ???????????????????# ????# +???????????????? | | ???????????????????# ????# #???????????????? | | ???????????????????# ##### ##???????????????? | | ???????????????????# #????????????????? | | ???????????????????# ##### #????????????????? | | ??????????########## #???? #????????????????? | | ?? #???? #????????????????? | | ?????????# #/#####+#+#####????????????? | | ?????????# """ """ # #????????#???? | | ?????????# """ """ # """" """" #??????? #??? | | ?????????# """ """ # """" """??######## ### | | ?????????# / """" """??# """" | | ?????????# """ """ # """" ""???# ""R" ?? | | ??????????# """^""" # ?# "" " """"?? | | ??????????# """ """ #############?# """" " | | ??????????+ ########T ##### """" " | | ??????????# """ | | ??????????# """ %""" """" " | | ??????????# ^""" =|] """" """" " | | ??????????# =|] #####+##/### """" """" " | | ??????????# """ =] # ## | | ??????????# """ + ## | | ??????????# """ # ## ###+ | | ??????????# # % "# #??? | | ???????? """ """ ######;;;#### #??? | | ??????? """ """ @ R % p #??? | | ???????"" """ """ k H % *s=* #??? | | ????????" %#################### ##??? | | ???????"" u#??????????????????? #???? | | ?????? #????????????????????#???? | | ?????? t #????????????????????????? | | ??????## ########### #????????????????????????? | | ???????????????????# #????????????????????????? | | ???????????????????# #????????????????????????? | | ???????????????????# #????????????????????????? | | ??????????????????? ?????????????????????????? | | ??????????????????? #+?????????????????????????? | | "?????????????????? ???????????????????????????? | | "?????????????????? ???????????????????????????? | | ??????????????????? ???????????????????????????? | | ????????????????????? ???????????????????????????? | | ?????????????????????????????????????????????????? | | ?????????????????????????????????????????????????? | | ?????????????????????????????????????????????????? | | ?????????????????????????????????????????????????? | | ?????????????????????????????????????????????????? | | ?????????????????????????????????????????????????? | | ?????????????????????????????????????????????????? | | ?????????????????????????????????????????????????? | | ?????????????????????????????????????????????????? | +----------------------------------------------------+ Best States ------------- Heat Dissipation 62 Energy Generation 37 Energy Capacity 395 Matter Stores 300 Matter Capacity 300 Sight Range 22 Robot Scan Range 20 Terrain Scan Range 20 Terrain Scan Density 10 ECM Strength 2 Armor Coverage 1075 Resistance: KI 30 Resistance: TH 10 Melee Speed Boost 50 Phase Shifting 15 Evasion (%) 70 Recoil Reduction 2 Salvage Targeting 1 Offensive Hacking 10 Defensive Hacking 10 Item Schematics ----------------- None Robot Schematics ------------------ None Fabricated ------------ Nothing Repaired ---------- Nothing Studied --------- Flexi-carbon Leg | -4/Factory | Hacked Myomer Leg | -4/Factory | Hacked Antimatter Reactor | -4/Factory | Hacked Alien Tech Used ----------------- None Achievements -------------- None Challenges ------------ None Game ------ Seed MicroHybridCore Manual? 0 Play Time 01:18:53 Cumulative 199.8 hours Start 2026.08.08 @ 04:13:57 End 2026.08.08 @ 05:32:18 Sessions 1 Manual Loads 0 Difficulty Rogue Special Mode None Game No. 212 Rogue 158 Adventurer 54 Explorer 0 Win Type - Total 9 Types 5/0/1/1/0/0/0/1/0/1 Lore% 70 Gallery% 60 Achievement% 57 Wizard Run 0 Options --------- Layout 1 ASCII 0 Keyboard 0 Movement Mouse Keybinds 1 Fullscreen 2 Font 32/Tamsyn Map View 50x35 Zoom Use 0% Tactical HUD 1 Map Filters NONE Filters NONE Steam 1 RUN: 3ef802b2-cb48-4a8f-a40b-88fce492db9a